 Seeded DCSS version 0.30-a0-918-g0ff054e9dc (webtiles) character file.

Game seed: 8365755735312380830 (custom seed)

15660 a11behringer the Fencer (level 12, -2/110 HPs)
             Began as a Minotaur Berserker on Mar 20, 2023.
             Was a High Priest of Trog.
             Slain by a vampire
             ... wielding a +0 long sword
              (3 damage)
             ... on level 11 of the Dungeon.
             The game lasted 00:25:11 (11196 turns).

a11behringer the Fencer (Minotaur Berserker)       Turns: 11196, Time: 00:25:11

Health: -2/110     AC: 20    Str: 22    XL:     12   Next: 3%
Magic:  11/11      EV: 11    Int:  8    God:    Trog [*****.]
Gold:   990        SH:  0    Dex: 15    Spells: 11/11 levels left

rFire   . . .      SeeInvis .    B - +3 great sword
rCold   + . .      Faith    .    (shield currently unavailable)
rNeg    . . .      Spirit   .    c - +0 plate armour
rPois   .          Reflect  .    k - +2 hat
rElec   .          Rampage  .    (no cloak)
rCorr   .                        A - +0 pair of gloves
Will    .....                    F - +0 pair of boots Stlth
                                 (no amulet)
HPRegen 0.38/turn                t - +6 ring of intelligence
MPRegen 0.12/turn                r - ring of protection from cold

@: mighty, studying Armour
A: horns 2, retaliatory headbutt, dopey 1
a: Renounce Religion, Berserk, Trog's Hand, Brothers in Arms


You were on level 11 of the Dungeon.
You worshipped Trog.
Trog was extremely pleased with you.
You visited 1 branch of the dungeon, and saw 11 of its levels.
You also visited: Ossuary and Bailey.

You collected 990 gold pieces.

Inventory:

Hand Weapons
 a - a +0 falchion
 s - a +2 dagger of venom
 y - a +0 rapier
 B - a +3 great sword (weapon)
 J - a +0 arbalest
 M - a +0 heavy sling
 P - the +11 spear of Resourcefulness {holy, Dex+5}
   (You found it in a bailey)

   Dex:       It affects your dexterity (+5).
 W - a +4 scimitar of flaming
Missiles
 j - 6 javelins (quivered)
Armour
 b - a +0 animal skin
 c - a +0 plate armour (worn)
 h - the +3 hat of Pondering {ponderous, Will+ MP+10 Int+5}
   (You found it on level 7 of the Dungeon)

   Int:       It affects your intelligence (+5).
   MP:        It affects your magic capacity (+10).
   Will:      It increases your willpower.
 k - a +2 hat (worn)
 A - a +0 pair of gloves (worn)
 C - the +10 tower shield of Ignorance {rN+ Int-4}
   (You took it off an orc on level 5 of the Dungeon)

   Int:       It affects your intelligence (-4).
   rN:        It protects you from negative energy.
 F - a +0 pair of boots (worn)
 L - the +2 robe "Avugeask" {SInv}
   (You found it on level 7 of the Dungeon)

   SInv:      It lets you see invisible.
Jewellery
 r - a ring of protection from cold (right hand)
 t - a +6 ring of intelligence (left hand)
 u - a ring of ice
 E - a ring of protection from cold
Wands
 x - a wand of roots (15)
 G - a wand of flame (38)
 H - a wand of polymorph (8)
 X - a wand of mindburst (3)
Scrolls
 f - 2 scrolls of enchant weapon
 i - 4 scrolls of magic mapping
 l - 4 scrolls of poison
 I - a scroll of summoning
 N - a scroll of fear {unknown}
 R - a scroll of enchant armour
 S - a scroll of fog
 T - a scroll of identify
 U - a scroll of vulnerability {unknown}
Potions
 d - a potion of haste {unknown}
 e - 4 potions of might
 g - a potion of lignification {unknown}
 m - 3 potions of attraction
 n - 4 potions of brilliance
 o - 3 potions of mutation
 p - 7 potions of curing
 q - 5 potions of invisibility
 v - a potion of heal wounds {unknown}
 w - 5 potions of degeneration
 z - 2 potions of resistance {unknown}
 D - a potion of flight {unknown}
 O - a potion of cancellation {unknown}
 V - a potion of magic {unknown}
Miscellaneous
 K - a condenser vane
 Q - a box of beasts


   Skills:
 + Level 11.2 Fighting
 - Level 18.2 Long Blades
 * Level 12.3 Armour
 + Level 10.0 Dodging
 + Level 2.2 Evocations


You had 11 spell levels left.
You didn't know any spells.
Your spell library was empty.

Dungeon Overview and Level Annotations

Branches:
Dungeon (11/15)            Temple (0/1) D:5         Ossuary (visited)
 Bailey (visited)
   Lair: D:8-11         Orc: D:9-12

Altars:
Kikubaaqudgha
Sif Muna
Vehumet
Xom

Annotations:
D:10 1 runed translucent door, Newt's ghost, journeyman KoHu


Innate Abilities, Weirdness & Mutations

You have a pair of horns on your head.
You reflexively headbutt those who attack you in melee.
You are dopey. (Int -2)


Message History

Trog accepts your kill.
You hear a horrible gurgling sound!
The howler monkey closely misses you. The fire elemental closely misses you.
You furiously retaliate!
You headbutt the fire elemental!
A brown ugly thing comes into view.
The deep elf pyromancer gestures at you while chanting.
The bolt of fire hits something!
The bolt of fire hits you!!
The bolt of fire misses the howler monkey.
Something draws life force from you!
* * * LOW HITPOINT WARNING * * *
You feel very mighty all of a sudden. The howler monkey barely misses you.
The fire elemental hits you. The fire elemental burns you!
* * * LOW HITPOINT WARNING * * *
The howler monkey hits you.
* * * LOW HITPOINT WARNING * * *
Something hits you!
* * * LOW HITPOINT WARNING * * *
Something bites you but does no damage. Something hits you.
* * * LOW HITPOINT WARNING * * *
Something bites you but does no damage.
You barely miss something. The fire elemental misses you.
The howler monkey hoots and howls with incredible vigour!
You hear a shout!
You slice something!! You headbutt something. Something hits you.
* * * LOW HITPOINT WARNING * * *
Something bites you but does no damage. Something hits you but does no damage.
Something bites you but does no damage. The fire elemental closely misses you.
You furiously retaliate!
You headbutt the fire elemental!
Unknown command.
Unknown command.
You closely miss something.
The howler monkey hits you but does no damage.
The fire elemental barely misses you. You furiously retaliate!
You headbutt the fire elemental!
You destroy the fire elemental!
The fire elemental disappears in a puff of smoke!
A boulder beetle comes into view.
Something hits you but does no damage. Something bites you.
You die...

#.. .. ##..# .....
...# .... #..# #
#''# #..# #. ..##
#..##### #.. #○.#
#....... #..###eB#
#.......
#.u@{E.######.......
#.h.§..........#####
#..............#
#####..#######.#
#..# #.# #..# #.#
#..# #.# #..# #.#
#..# .#


You could see a boulder beetle, a brown ugly thing, a deep elf pyromancer, a
fire elemental (summoned) and a howler monkey (catching breath).

Vanquished Creatures
  Gastronok (D:8)
  A centaur warrior (D:9)
  4 two-headed ogres
  A boulder beetle (D:11)
  An orc knight (Bailey)
  An ugly thing (D:8)
  A manticore (D:9)
  2 kobold demonologists (Bailey)
  An efreet (D:11)
  Psyche (D:8)
  3 trolls
  A meliai (shapeshifter) (D:9)
  2 hornets
  A wraith (D:9)
  3 shadows
  2 wyverns
  10 yaks
  A steam dragon (D:9)
  A vampire mosquito (D:9)
  Edmund (D:5)
  13 orc warriors
  An ice beast (D:7)
  A black bear (D:7)
  3 centaurs
  An ogre (D:6)
  2 kobold brigands
  A phantom (D:5)
  A gnoll sergeant (D:5)
  A scorpion (D:6)
  A necrophage (D:4)
  5 bullfrogs
  A wight (D:4)
  2 water moccasin zombies (D:4)
  16 killer bees
  5 electric eels (Bailey)
  5 howler monkeys
  A centaur zombie (D:4)
  A human zombie (D:4)
  3 jellies
  2 hounds
  6 iguanas
  Natasha (D:4)
  9 orc wizards
  A scorpion zombie (D:4)
  Ijyb (D:4)
  A hound zombie (D:4)
  12 mummies
  Robin (D:2)
  17 gnolls
  9 adders
  2 shadow imps
  3 worms
  A dart slug (D:5)
  25 orcs
  9 endoplasms
  3 giant cockroaches
  2 gnoll zombies (Ossuary)
  25 goblins
  12 hobgoblins
  3 jackals (D:3)
  18 kobolds
  A quokka (D:3)
  4 ball pythons
  A bat (D:1)
  2 frilled lizards
  4 kobold zombies (Ossuary)
  2 orc zombies (Ossuary)
  5 rats
285 creatures vanquished.

Notes
Turn   | Place    | Note
-------+----------+-------------------------------------------
     0 | D:1      | a11behringer the Minotaur Berserker began the quest for the
                  | Orb.
     0 | D:1      | Reached XP level 1. HP: 19/19 MP: 0/0
   191 | D:1      | Found a faded altar of an unknown god.
   250 | D:1      | Reached XP level 2. HP: 27/27 MP: 1/1
   284 | D:1      | Reached skill level 4 in Long Blades
   885 | D:2      | Noticed Robin
   893 | D:2      | Reached XP level 3. HP: 33/33 MP: 2/2
   896 | D:2      | Reached ** piety under Trog
   899 | D:2      | Killed Robin
  1632 | D:3      | Reached XP level 4. HP: 36/40 MP: 3/3
  1818 | D:3      | Reached skill level 5 in Long Blades
  1994 | D:3      | Reached XP level 5. HP: 47/47 MP: 4/4
  2432 | D:3      | Reached *** piety under Trog
  2736 | D:4      | Found a sand-covered staircase.
  2741 | Ossuary  | Entered an ossuary
  3195 | D:4      | Reached XP level 6. HP: 55/55 MP: 5/5
  3382 | D:4      | Noticed Ijyb
  3408 | D:4      | Killed Ijyb
  3409 | D:4      | Reached skill level 5 in Fighting
  3537 | D:4      | Reached skill level 6 in Long Blades
  3871 | D:4      | Found an ancient bone altar of Kikubaaqudgha.
  3908 | D:4      | Reached XP level 7. HP: 49/61 MP: 6/6
  3964 | D:4      | Reached skill level 7 in Long Blades
  4149 | D:4      | Reached skill level 5 in Armour
  4208 | D:4      | Noticed Natasha
  4213 | D:4      | Killed Natasha
  4355 | D:5      | Entered Level 5 of the Dungeon
  4390 | D:5      | Reached skill level 8 in Long Blades
  4424 | D:5      | Found a staircase to the Ecumenical Temple.
  4524 | D:5      | Reached XP level 8. HP: 70/70 MP: 7/7
  4572 | D:5      | Reached skill level 5 in Dodging
  4694 | D:5      | Noticed Edmund
  4696 | D:5      | Killed Edmund
  4736 | D:5      | Reached skill level 9 in Long Blades
  4739 | D:5      | Reached **** piety under Trog
  5293 | D:6      | Reached skill level 10 in Long Blades
  5798 | D:7      | Found the +3 hat of Pondering {ponderous, Will+ MP+10
                  | Int+5}
  5936 | D:7      | Reached skill level 11 in Long Blades
  6084 | D:7      | Noticed a hornet
  6092 | D:7      | Killed a hornet
  6093 | D:7      | Reached XP level 9. HP: 65/79 MP: 8/8
  6464 | D:7      | Identified the +2 robe "Avugeask" {SInv}
  6532 | D:8      | Noticed a red ugly thing
  6541 | D:8      | Killed a red ugly thing
  6542 | D:8      | Reached skill level 12 in Long Blades
  6550 | D:8      | Found a flagged portal.
  6615 | Bailey   | Entered a bailey
  6703 | Bailey   | Reached skill level 13 in Long Blades
  7242 | Bailey   | Noticed an orc knight
  7253 | Bailey   | Killed an orc knight
  7254 | Bailey   | Reached skill level 14 in Long Blades
  7254 | Bailey   | Reached XP level 10. HP: 90/90 MP: 9/9
  7345 | Bailey   | Found an iron altar of Okawaru.
  7361 | Bailey   | Gained mutation: You are dopey. (Int -2) [a neqoxec]
  7384 | Bailey   | Identified the +11 spear of Resourcefulness {holy, Dex+5}
  7655 | D:8      | Noticed Gastronok
  7668 | D:8      | Killed Gastronok
  7669 | D:8      | Reached skill level 15 in Long Blades
  8111 | D:8      | Reached skill level 16 in Long Blades
  8123 | D:8      | Reached ***** piety under Trog
  8511 | D:8      | Found a shimmering blue altar of Sif Muna.
  8538 | D:8      | Noticed Psyche
  8544 | D:8      | Killed Psyche
  9092 | D:9      | Noticed a two-headed ogre
  9096 | D:9      | Killed a two-headed ogre
  9097 | D:9      | Reached skill level 17 in Long Blades
  9097 | D:9      | Reached XP level 11. HP: 82/99 MP: 10/10
  9294 | D:9      | Reached skill level 10 in Fighting
  9590 | D:9      | Noticed a two-headed ogre
  9603 | D:9      | Killed a two-headed ogre
  9695 | D:9      | Noticed a two-headed ogre
  9702 | D:9      | Killed a two-headed ogre
  9703 | D:9      | Reached skill level 10 in Armour
  9847 | D:9      | Noticed a centaur warrior
  9856 | D:9      | Killed a centaur warrior
  9857 | D:9      | Reached skill level 18 in Long Blades
 10078 | D:9      | Paralysed by a hornet for 1 turns
 10311 | D:10     | Entered Level 10 of the Dungeon
 10347 | D:10     | Acquired a manual of Armour
 10496 | D:10     | Noticed a two-headed ogre
 10506 | D:10     | Killed a two-headed ogre
 10520 | D:10     | Reached skill level 1 in Evocations
 10624 | D:10     | Found a runed translucent door.
 10624 | D:10     | Found a shimmering altar of Xom.
 10624 | D:10     | Noticed Newt's ghost (journeyman KoHu)
 10626 | D:10     | Noticed a +0 quarterstaff of chaos
 10701 | D:10     | Found a radiant altar of Vehumet.
 11015 | D:11     | Noticed a boulder beetle
 11052 | D:11     | Killed a boulder beetle
 11183 | D:11     | Reached skill level 10 in Dodging
 11183 | D:11     | Reached XP level 12. HP: 104/110 MP: 11/11
 11193 | D:11     | HP: 3/110 [something (4)]
 11195 | D:11     | HP: 1/110 [something (2)]
 11196 | D:11     | Noticed a boulder beetle
 11196 | D:11     | Slain by a vampire

Illustrated notes

Levels and vault maps discovered:
D:1:      dpeg_arrival_circle_labyrinth_a, layout_rooms,
          dreamdust_ecumenical_altar_grove
D:2:      layout_basic, minmay_misc_feat_alley, uniq_robin
D:3:      layout_loops_corners
D:4:      layout_loops_ring, lemuel_mausoleum_altar_kikubaaqudgha,
          nicolae_ossuary_entry_false_entrances, minmay_manual_monstrance,
          uniq_ijyb, uniq_natasha
D:5:      layout_loops_ring, minmay_temple_entry_wispy, uniq_edmund
D:6:      layout_loops_ring, hex_medium, grunt_decor_cap, minivault_23
D:7:      layout_basic
D:8:      layout_layer_cave, old_standard_altar, enter_bailey_4,
          hangedman_decor_lopped, uniq_gastronok, uniq_psyche
D:9:      layout_irregular_city, dreamdust_princess_corridor, nzn_random_ring
D:10:     layout_cave_pools, nicolae_vehumet_altar_sigil, ebering_ghost_xom
D:11:     layout_long_grid, lair_entry_dummy, lightli_fourway_metalbox,
          uniq_lodul

Skill      XL: |  1  2  3  4  5  6  7  8  9 10 11 |
---------------+----------------------------------+-----
Long Blades    | 4 5 6 8 11 14 17 18 | 18.2
Fighting       | 4 5 6 7 8 9 11 | 11.2
Armour         | 3 4 5 6 8 9 12 | 12.3
Dodging        | 3 4 6 7 8 10 | 10.0
Evocations     | 2 |  2.2

Action                     |  1- 3 |  4- 6 |  7- 9 | 10-12 || total
---------------------------+-------+-------+-------+-------++-------
  Melee: Falchion          |    78 |   224 |    23 |       ||   325
         Headbutt          |    12 |    42 |    49 |    67 ||   170
         Punch             |       |     4 |     1 |       ||     5
         Great sword       |       |       |   281 |   273 ||   554
 Invoke: Berserk           |     1 |     2 |     5 |     2 ||    10
         Trog's Hand       |       |     2 |     3 |     1 ||     6
    Use: Scroll            |       |     2 |     8 |     7 ||    17
         Potion            |       |       |       |     1 ||     1
 Armour: Plate armour      |    58 |   123 |   180 |   227 ||   588
  Dodge: Dodged            |    39 |    70 |   106 |   176 ||   391

Table legend: (Time is in decaauts)
 A = Elapsed time spent in this place.
 B = Non-inter-level travel time spent in this place.
 C = Inter-level travel time spent in this place.
 D = Time resting spent in this place.
 E = Time spent auto-exploring this place.
 F = Levels seen in this place.
 G = Mean time per level.
                   A        B        C        D        E       F      G
               +--------+--------+--------+--------+--------+-----+--------+
         Total |  11330 |  10747 |    583 |      0 |   8965 |  13 |  871.5 |
       Dungeon |   9846 |   9263 |    583 |      0 |   7832 |  11 |  895.1 |
       Ossuary |    456 |    456 |      0 |      0 |    343 |   1 |  456.0 |
        Bailey |   1027 |   1027 |      0 |      0 |    789 |   1 | 1027.0 |
               +--------+--------+--------+--------+--------+-----+--------+

Top non-repeatable levels by time:
     D:8: 1445 daAuts
     D:9: 1345 daAuts
     D:4: 1220 daAuts
     D:3: 1208 daAuts
  Bailey: 1027 daAuts
     D:2: 944 daAuts
     D:7: 799 daAuts
     D:5: 748 daAuts
     D:6: 674 daAuts
    D:10: 638 daAuts
     D:1: 592 daAuts
 Ossuary: 456 daAuts
    D:11: 229 daAuts
